Map: Moonlight Madness LE (Void)

Players

Javert - Winner!

  • Race: Zerg Zerg
  • League: Platinum

KWANTSU

  • Race: Terran Terran
  • League: Platinum

VOD

Have the link to the VOD?

Description

Time

  • Played on: Aug. 14, 2015, 11:51 p.m.
  • Length: 15:20
Show
View Real Time Build Order
Export as new Build Order

Javert Zerg - Winner!

Build Orders: Hatch First 

Get SALT Encoding   

  12  0:01  Drone  
  13  0:14  Overlord  
  13  0:19  Drone  
  14  0:32  Drone x2  
  16  0:38  Drone  
  17  0:57  Drone  
  17  0:58  Hatchery  
  17  0:59  Extractor  
  16  1:05  Drone  
  17  1:14  Drone  
  18  1:20  Spawning Pool  
  18  1:22  Drone  
  18  1:32  Drone  
  19  1:42  Drone  
  20  1:52  Overlord  
  20  2:07  Metabolic Boost  
  20  2:08  Queen  
  20  2:10  Queen  
  20  2:12  Zergling x2  
  20  2:15  Zergling x2  
  26  2:18  Drone  
  27  2:41  Spore Crawler  
  25  2:51  Drone x3  
  25  2:52  Drone x3  
  31  3:05  Overlord  
  32  3:08  Hatchery  
  32  3:11  Drone  
  32  3:14  Queen  
  32  3:19  Baneling Nest  
  33  3:22  Zergling x2  
  34  3:30  Drone x4  
  38  3:43  Drone x5  
  43  4:00  Overlord  
  43  4:02  Spine Crawler  
  42  4:13  Zergling x2  
  43  4:26  Baneling x2  
  43  4:27  Baneling x3  
  43  4:28  Zergling x6  
  43  4:29  Zergling x10  
  51  4:36  Baneling x2  
  51  4:41  Spore Crawler  
  51  4:43  Spore Crawler  
  49  4:49  Drone x3  
  49  4:50  Drone x4  
  54  5:00  Overlord x2  
  54  5:02  Overlord  
  54  5:12  Drone  
  54  5:13  Drone x3  
  58  5:14  Lair  
  58  5:15  Overlord  
  58  5:16  Extractor  
  57  5:31  Drone x2  
  57  5:32  Drone x3  
  57  5:33  Extractor  
  57  5:35  Evolution Chamber  
  60  5:36  Evolution Chamber, Drone x4, Extractor x3  
  60  5:43  Evolution Chamber x2  
  60  5:45  Drone  
  60  5:46  Drone x5  
  64  5:56  Drone  
  64  5:57  Drone x3  
  68  6:11  Zerg Missile Weapons Level 1, Zerg Ground Armor Level 1  
  68  6:14  Roach Warren  
  68  6:15  Drone x2  
  68  6:16  Drone x4  
  68  6:17  Hydralisk Den  
  72  6:27  Overlord  
  72  6:30  Overlord x2  
  72  6:35  Overlord x3  
  72  6:41  Burrow, Drone  
  72  6:42  Drone x2  
  75  6:48  Muscular Augments  
  74  7:04  Glial Reconstitution  
  74  7:07  Roach x9  
  92  7:13  Drone x3  
  92  7:14  Drone x2  
  97  7:23  Spore Crawler  
  97  7:25  Roach x3  
  97  7:26  Spore Crawler  
  101  7:34  Hydralisk  
  101  7:35  Hydralisk x3  
  109  7:47  Drone x2  
  109  7:48  Drone x9  
  120  7:55  Overlord x2  
  120  7:58  Overseer x3  
  120  8:00  Hydralisk  
  120  8:01  Hydralisk  
  124  8:10  Zerg Missile Weapons Level 2  
  124  8:14  Spore Crawler  
  124  8:15  Ravager  
  124  8:16  Ravager x5  
  124  8:17  Ravager  
  124  8:18  Drone x3  
  133  8:21  Zerg Ground Armor Level 2  
  118  8:37  Baneling  
  118  8:38  Baneling x7  
  118  8:41  Roach x10  
  120  8:47  Overlord  
  138  8:54  Infestation Pit  
  137  8:59  Overlord  
  137  9:00  Overlord x3  
  109  9:39  Roach x3  
  109  9:40  Roach x17  
  109  9:41  Roach  
  129  9:57  Overlord x3  
  125  10:00  Hive  
  125  10:06  Pneumatized Carapace  
  125  10:09  Hydralisk x5  
  125  10:13  Overseer  
  135  10:17  Hydralisk x3  
  141  10:26  Zerg Melee Weapons Level 1  
  129  10:44  Hydralisk x4  
  129  10:45  Hydralisk x9  
  137  10:59  Hydralisk  
  137  11:00  Hydralisk x4  
  147  11:11  Centrifical Hooks  
  147  11:18  Zerg Missile Weapons Level 3  
  147  11:21  Zergling x12  
  147  11:25  Zergling x20  
  159  11:26  Zergling x4  
  165  11:33  Ravager x3  
  168  11:41  Hatchery, Zergling x2  
  168  11:42  Zergling x8  
  168  11:43  Extractor  
  168  11:44  Adrenal Glands, Extractor  
  107  12:32  Zergling x2  
  107  12:33  Zergling x26  
  101  12:44  Hydralisk x2  
  101  12:45  Hydralisk x2  
  109  12:52  Ultralisk Cavern  
  109  12:56  Zerg Melee Weapons Level 2  
  108  13:11  Hydralisk  
  108  13:12  Hydralisk x6  
  121  13:34  Hatchery  
  121  13:36  Extractor  
  103  13:42  Overseer x3  
  103  13:46  Roach  
  103  13:47  Roach x13  
  131  13:52  Ultralisk Cavern  
  128  14:09  Roach  
  110  14:10  Roach x8  
  110  14:15  Zergling x2  
  127  14:17  Queen x3  
  127  14:22  Spine Crawler  
  127  14:23  Spine Crawler  
Show
View Real Time Build Order
Export as new Build Order

KWANTSU Terran 

Build Orders: Liberator Opening, Reaper Expand, Bio Mine 

Get SALT Encoding   

  12  0:01  SCV  
  13  0:13  SCV  
  14  0:18  Supply Depot  
  14  0:25  SCV  
  15  0:40  SCV  
  15  0:41  Barracks  
  16  0:44  Refinery  
  16  0:52  SCV  
  18  1:04  SCV  
  18  1:16  SCV  
  19  1:30  Orbital Command  
  19  1:31  Reaper  
  20  1:46  Command Center  
  20  1:56  SCV  
  21  2:06  Factory  
  21  2:11  SCV  
  21  2:12  Refinery  
  22  2:19  Supply Depot  
  22  2:22  Barracks Reactor  
  22  2:51  SCV  
  23  2:54  Starport  
  23  3:01  Orbital Command  
  23  3:03  SCV  
  24  3:06  Supply Depot  
  24  3:14  Barracks Reactor  
  24  3:15  SCV, Hellion x2  
  29  3:27  SCV  
  29  3:31  SCV  
  31  3:37  Hellion  
  31  3:38  Hellion  
  35  3:43  Supply Depot  
  35  3:49  SCV  
  35  3:50  SCV  
  35  3:52  Liberator x2  
  37  3:59  Hellion x2  
  47  4:13  SCV x2  
  49  4:19  Command Center  
  49  4:20  Armory  
  49  4:26  Supply Depot  
  49  4:28  SCV x2  
  51  4:37  Hellion  
  51  4:38  Hellion  
  55  4:39  Barracks Tech Lab  
  55  4:45  Refinery  
  55  4:52  Supply Depot  
  43  5:02  SCV x2  
  45  5:15  SCV x2  
  47  5:34  Factory Reactor, Orbital Command  
  47  5:35  Barracks  
  47  5:36  Barracks, Starport Reactor  
  47  5:47  SCV x2  
  49  5:50  Marine  
  49  5:51  Stimpack  
  50  5:59  SCV x2  
  50  6:01  SCV  
  53  6:11  SCV  
  53  6:14  SCV x2  
  56  6:23  SCV  
  56  6:31  SCV x2  
  57  6:35  SCV  
  58  6:44  SCV x2  
  60  6:48  SCV  
  61  6:59  SCV x2  
  63  7:03  Refinery  
  63  7:06  Bunker  
  63  7:07  Marine x3  
  63  7:08  Widow Mine x2, Marine x2  
  68  7:09  Medivac x2  
  68  7:14  Barracks  
  68  7:15  Engineering Bay, Barracks  
  76  7:16  Factory, Engineering Bay, Barracks  
  76  7:20  SCV x2  
  79  7:22  Orbital Command  
  79  7:25  Marine  
  79  7:26  Marauder, Marine x3  
  84  7:35  SCV x2  
  84  7:37  Widow Mine x2  
  90  7:45  Marine  
  90  7:46  Marine x2  
  90  7:48  Terran Infantry Weapons Level 1, Terran Infantry Armor Level 1  
  93  7:52  Supply Depot x2  
  93  7:53  Supply Depot  
  93  8:13  SCV x3, Marauder, Marine  
  99  8:25  SCV x2  
  96  8:36  Barracks Tech Lab x2, Marauder  
  96  8:37  Barracks Reactor  
  96  8:38  Widow Mine x2, Marine x4  
  96  8:39  Medivac x2  
  96  8:40  SCV x2  
  96  8:41  SCV  
  111  8:43  Factory Tech Lab  
  111  8:45  Terran Vehicle And Ship Armor Level 1  
  111  8:52  SCV  
  111  8:53  SCV x2  
  114  8:55  Marine x2  
  114  8:57  Starport  
  116  9:09  Marine  
  117  9:18  Marine  
  117  9:19  Marauder  
  117  9:22  Marauder  
  116  9:24  Combat Shields  
  112  9:38  Marine  
  93  9:39  Marauder  
  93  9:40  Marine x2, Marauder  
  93  9:41  Marine  
  93  9:42  Marine  
  93  9:49  Marine  
  93  9:50  Marauder  
  93  9:51  SCV  
  93  9:52  SCV  
  93  9:54  SCV  
  93  9:56  Supply Depot x2  
  93  9:57  Supply Depot  
  93  10:15  Supply Depot x2  
  93  10:17  Supply Depot, Marine x2  
  93  10:18  Marauder, SCV x2, Starport Reactor, Supply Depot, Marine x5  
  93  10:19  SCV, Marauder  
  93  10:20  Widow Mine  
  109  10:23  Drilling Claws  
  109  10:30  Supply Depot x2, Widow Mine  
  109  10:31  Widow Mine  
  109  10:32  Supply Depot, Orbital Command  
  109  10:33  Medivac  
  109  10:34  Medivac  
  103  10:35  Marine x3  
  103  10:36  Marine, Marauder  
  103  10:39  Marauder  
  92  10:54  Marine, Liberator x2  
  92  10:55  Marine x4  
  97  10:57  SCV x2  
  94  11:08  Marine, Marauder x3  
  94  11:09  Widow Mine x2  
  94  11:10  Widow Mine  
  107  11:12  Marine, Medivac  
  107  11:14  SCV  
  107  11:15  SCV x2  
  119  11:33  Terran Infantry Weapons Level 2  
  119  11:38  Widow Mine  
  121  11:40  Marine x4  
  121  11:41  Marine x5  
  130  11:48  Refinery  
  130  11:51  Refinery  
  130  11:54  SCV x2  
  114  12:20  Marine x2  
  114  12:21  Marine x4  
  84  12:23  Marauder  
  84  12:26  Widow Mine x3, Marauder x2  
  84  12:27  Medivac x2  
  81  12:33  SCV x2  
  72  12:38  Marine x2  
  72  12:39  Marine  
  70  13:03  Sensor Tower  
  70  13:08  Marauder x2, Marine x6  
  70  13:09  Marine  
  70  13:11  SCV x2  
  83  13:18  Widow Mine  
  85  13:25  Marine  
  85  13:26  Supply Depot  
  86  13:31  Widow Mine  
  86  13:33  Widow Mine  
  86  13:38  Marauder  
  86  13:39  Marauder x2, Marine  
  80  13:47  Medivac x2  
  84  13:58  SCV  
  84  13:59  SCV  
  69  14:11  Marine  
  69  14:12  Marine x8  
  78  14:17  SCV  
  78  14:18  Orbital Command  
  79  14:30  Medivac x2  
  83  14:32  Marauder, Marine  
  83  14:33  Marauder, Marine x2  
  83  14:34  SCV  
  91  14:52  Marine  
  94  15:00  Supply Depot  
  94  15:02  Supply Depot  
  94  15:03  Supply Depot  
Tags
 
Add a new tag
Caveats
  • Supply blocks, unpowered buildings, or Contaminate may cause inaccurate times.
  • Supply counts are checked every 10 seconds.